 Dungeon Crawl Stone Soup version 0.29-a0-392-g297d3b089c (webtiles) character file.

Game seed: 11629945898891616380

457 sssmoke the Covered (level 6, -6/55 HPs)
             Began as a Minotaur Fighter on May 8, 2022.
             Mangled by Eustachio
             ... wielding a +2 rapier of speed
              (8 damage)
             ... on level 4 of the Dungeon.
             The game lasted 00:37:58 (4035 turns).

sssmoke the Covered (Minotaur Fighter)              Turns: 4035, Time: 00:38:22

Health: -6/55      AC:  8    Str: 23    XL:     6   Next: 77%
Magic:  5/5        EV: 13    Int:  5    God:
Gold:   232        SH:  4    Dex:  9    Spells: 5/5 levels left

rFire   . . .      SeeInvis +   a - +0 long sword
rCold   . . .      Faith    .   c - +0 buckler
rNeg    . . .      Spirit   .   D - +1 scale mail "Unouc" {Rampage Slay+2 SInv}
rPois   .          Reflect  .   (helmet restricted)
rElec   .          Harm     .   (no cloak)
rCorr   .          Rampage  +   (no gloves)
Will    .....                   (no boots)
Stlth   ..........              (no amulet)
HPRegen 0.18/turn               g - +4 ring of evasion
MPRegen 0.09/turn               (no ring)

@: no status effects
A: horns 2, retaliatory headbutt
a: no special abilities


You were on level 4 of the Dungeon.
You visited 1 branch of the dungeon, and saw 4 of its levels.

You collected 232 gold pieces.

Inventory:

Hand Weapons
 a - a +0 long sword (weapon)
 h - a +0 dagger
 j - a +0 club
 l - a +0 whip
 m - a +0 whip of freezing
 r - a +0 spear
Missiles
 u - 114 stones (quivered)
Armour
 b - a +0 scale mail
 c - a +0 buckler (worn)
 e - a +0 buckler
 i - a +0 robe
 n - a +0 helmet
 y - the +1 helmet of the Everdark {rF+ SInv}
   (You took it off Robin on level 2 of the Dungeon)

   rF:        It protects you from fire.
   SInv:      It lets you see invisible.
 B - a +0 scale mail
 D - the +1 scale mail "Unouc" (worn) {Rampage Slay+2 SInv}
   (You found it on level 2 of the Dungeon)

   Slay:      It affects your accuracy & damage with ranged weapons and melee
   (+2).
   SInv:      It lets you see invisible.
   Rampage:   It bestows one free step when moving towards enemies.
Magical Staves
 d - a staff of cold
Jewellery
 g - a +4 ring of evasion (left hand)
 x - a ring of resist corrosion
Wands
 K - a wand of flame (17)
Scrolls
 f - 6 scrolls of identify {unknown}
 o - 2 scrolls of teleportation {unknown}
 q - a scroll of enchant weapon {unknown}
 s - a scroll of silence {unknown}
 w - a scroll of vulnerability {unknown}
 E - a scroll of magic mapping {unknown}
 F - a scroll of summoning {unknown}
 H - a scroll of enchant armour {unknown}
 I - a scroll of noise {unknown}
Potions
 k - 3 potions of lignification {unknown}
 p - a potion of mutation {unknown}
 t - 2 potions of curing {unknown}
 v - 2 potions of heal wounds {unknown}
 z - a potion of degeneration {unknown}
 A - a potion of haste {unknown}
 C - a potion of flight {unknown}
 G - a potion of ambrosia {unknown}
 J - a potion of attraction {unknown}
 L - a potion of brilliance {unknown}


   Skills:
 + Level 4.8 Fighting
 + Level 5.1 Long Blades
 + Level 2.9 Throwing
 + Level 5.4 Armour
 + Level 1.0 Dodging
 + Level 0.3 Stealth
 + Level 4.4 Shields


You had 5 spell levels left.
You didn't know any spells.
Your spell library contained the following spells:

 Spells                   Type           Power      Damage    Failure   Level
 Beastly Appendage        Tmut           0%         N/A       86%         1
 Ensorcelled Hibernation  Hex/Ice        0%         N/A       94%         2
 Wereblood                Tmut           0%         N/A       94%         2
 Spider Form              Tmut/Pois      0%         N/A       99%         3
 Summon Guardian Golem    Hex/Summ       0%         N/A       99%         3
 Tukima's Dance           Hex            0%         N/A       99%         3
 Anguish                  Hex/Necr       0%         N/A       100%        4
 Passage of Golubria      Tloc           0%         N/A       100%        4
 Yara's Violent Unravell  Hex/Tmut       0%         3d3       100%        5
 Orb of Destruction       Conj           0%         9d5       100%        7
 Spellforged Servitor     Conj/Summ      0%         N/A       100%        7


Dungeon Overview and Level Annotations

Branches:
Dungeon (4/15)
 Temple: D:4-7

Altars:

Annotations:
D:4 Eustachio


Innate Abilities, Weirdness & Mutations

You have a pair of horns on your head.
You reflexively headbutt those who attack you in melee.


Message History

You closely miss the adder.
The adder is severely wounded.
The adder barely misses you. You furiously retaliate!
You headbutt the adder.
You kill the adder!
Eustachio gestures wildly while chanting.
You hit the hobgoblin.
You kill the hobgoblin!
The shadow imp disappears in a puff of smoke!
Eustachio gestures wildly while chanting.
You are too injured to fight recklessly!
You rampage towards the orc!
You slash the orc!
You kill the orc!
You hit Eustachio but do no damage. Your headbutt misses Eustachio.
Eustachio screams, "At last I'll have my revenge!"
Eustachio drinks a potion.
Eustachio seems to grow stronger.
Aiming: Throw Flame
Press: ? - help, Q - select action, (/) - cycle Shift-Dir - straight line, f - Eustachio
Aim: Eustachio, wielding a +2 rapier of speed and wearing a +0 leather armour (strong, 56% to hit)
The puff of flame hits Eustachio.
Eustachio is lightly wounded.
Eustachio hits you with a +2 rapier of speed.
Aiming: Throw Flame
Press: ? - help, Q - select action, (/) - cycle Shift-Dir - straight line, f/p - Eustachio
Aim: Eustachio, wielding a +2 rapier of speed and wearing a +0 leather armour (lightly wounded, strong, 56% to hit)
The puff of flame hits Eustachio.
Eustachio is lightly wounded.
Eustachio gestures wildly while chanting.
Eustachio blinks!
You rampage towards Eustachio!
You hit Eustachio.
Eustachio is moderately wounded.
Eustachio hits you with a +2 rapier of speed!
* * * LOW HITPOINT WARNING * * *
You hit Eustachio.
Eustachio is moderately wounded.
Eustachio hits you with a +2 rapier of speed!
* * * LOW HITPOINT WARNING * * *
You block the quasit's attack.
The quasit claws you but does no damage. x2
Eustachio hits you with a +2 rapier of speed!
You die...

........# #.........<..#
.......####............#
.....r.#........#'#####
..r.. #.###'####.# r.5
#.# #.# #.# #)# #.###.#
#.# #)# #....^# #.#
#r#############.#
#r55@@..........#
#################


You could see Eustachio (strong), a quasit (summoned), a river rat (summoned), a
white imp (summoned) and a rat (summoned).

Vanquished Creatures
  A water moccasin (D:3)
  A sky beast (D:4)
  A howler monkey (D:2)
  An orc priest (D:4)
  A hound (D:4)
  Robin (D:2)
  4 adders
  3 gnolls (D:4)
  A worm (D:2)
  4 orcs (D:4)
  13 ball pythons
  6 endoplasms
  2 giant cockroaches
  11 goblins
  11 hobgoblins
  6 jackals (D:2)
  4 kobolds
  A quokka (D:2)
  6 bats
  A frilled lizard (D:2)
  2 rats (D:1)
81 creatures vanquished.

Vanquished Creatures (others)
  2 plants (D:3)
2 creatures vanquished.

Grand Total: 83 creatures vanquished

Notes
Turn   | Place    | Note
-------+----------+-------------------------------------------
     0 | D:1      | sssmoke the Minotaur Fighter began the quest for the Orb.
     0 | D:1      | Reached XP level 1. HP: 19/19 MP: 0/0
   214 | D:1      | Reached XP level 2. HP: 26/27 MP: 1/1
  1196 | D:2      | Noticed a great orb of eyes
  1198 | D:2      | Found a faded altar of an unknown god.
  1199 | D:2      | Noticed an eye of devastation
  1199 | D:2      | Noticed a great orb of eyes
  1199 | D:2      | Noticed an eye of devastation
  1338 | D:2      | Noticed a howler monkey
  1350 | D:2      | Killed a howler monkey
  1351 | D:2      | Reached skill level 1 in Throwing
  1351 | D:2      | Reached XP level 3. HP: 24/33 MP: 2/2
  1543 | D:2      | Reached XP level 4. HP: 40/40 MP: 3/3
  1575 | D:2      | Identified the +1 helmet of the Everdark {rF+ SInv}
  1575 | D:2      | Noticed Robin
  1592 | D:2      | Killed Robin
  2168 | D:2      | Identified the +1 scale mail "Unouc" {Rampage Slay+2 SInv}
  2447 | D:3      | Noticed a water moccasin
  2455 | D:3      | Killed a water moccasin
  2456 | D:3      | Reached XP level 5. HP: 17/46 MP: 4/4
  3107 | D:3      | Reached skill level 5 in Armour
  3632 | D:4      | Noticed a sky beast
  3645 | D:4      | Killed a sky beast
  3646 | D:4      | Reached XP level 6. HP: 36/53 MP: 5/5
  3892 | D:4      | Reached skill level 5 in Long Blades
  4013 | D:4      | Noticed Eustachio
  4023 | D:4      | Reached skill level 1 in Dodging
  4035 | D:4      | HP: 2/55 [Eustachio/+2 rapier of speed (9)]
  4035 | D:4      | Mangled by Eustachio

Illustrated notes

Levels and vault maps discovered:
D:1:      ncdulo_wetmaze, layout_basic
D:2:      layout_basic, hellmonk_ecumenical_altar_watching_god,
          kennysheep_generic_room_12, uniq_robin
D:3:      layout_basic, minmay_shallow_snake_nest
D:4:      layout_basic, uniq_eustachio

Skill      XL: |  1  2  3  4  5  6 |
---------------+-------------------+-----
Armour         | 4 5 |  5.4
Shields        | 4 |  4.4
Fighting       | 4 |  4.8
Throwing       | 1 2 |  2.9
Long Blades    | 3 4 5 |  5.1
Dodging        | 1 |  1.0
Stealth        | |  0.3

Action                   |  1- 3 |  4- 6 || total
-------------------------+-------+-------++-------
Melee: Long sword        |    57 |   113 ||   170
       Headbutt          |     7 |    16 ||    23
Throw: Dart              |     8 |       ||     8
       Stone             |    28 |    65 ||    93
Evoke: Wand              |       |     5 ||     5
  Use: Potion            |       |     1 ||     1
Armor: Scale mail        |    28 |    28 ||    56
Dodge: Dodged            |    29 |    62 ||    91
Block: Buckler           |    13 |    16 ||    29

Table legend: (Time is in decaauts)
 A = Elapsed time spent in this place.
 B = Non-inter-level travel time spent in this place.
 C = Inter-level travel time spent in this place.
 D = Time resting spent in this place.
 E = Time spent auto-exploring this place.
 F = Levels seen in this place.
 G = Mean time per level.
                   A        B        C        D        E       F      G
               +--------+--------+--------+--------+--------+-----+--------+
         Total |   4096 |   1139 |   2957 |      0 |      0 |   4 | 1024.0 |
       Dungeon |   4096 |   1139 |   2957 |      0 |      0 |   4 | 1024.0 |
               +--------+--------+--------+--------+--------+-----+--------+

Top non-repeatable levels by time:
     D:2: 1391 daAuts
     D:1: 1080 daAuts
     D:3: 1063 daAuts
     D:4: 559 daAuts
